 Dungeon Crawl Stone Soup version 0.29-a0-330-g52719c12eb (webtiles) character file.

Game seed: 15882990665341692375

2754 kae the Zephyrmancer (level 9, -4/64 (74) HPs)
             Began as an Ogre Air Elementalist on Apr 14, 2022.
             Was an Initiate of Gozag.
             Slain by Duvessa
             ... wielding a +2 short sword of draining
              (15 damage)
             ... on level 6 of the Dungeon.
             The game lasted 00:06:34 (9813 turns).

kae the Zephyrmancer (Ogre Air Elementalist)        Turns: 9813, Time: 00:06:35

HP:   -4/64 (74)    AC:  4    Str: 14    XL:     9   Next: 68%
MP:   12/20         EV:  9    Int: 20    God:    Gozag
Gold: 456           SH:  5    Dex:  9    Spells: 12/22 levels left

rFire   . . .      SeeInvis .   j - staff of earth
rCold   . . .      Faith    .   (no shield)
rNeg    . . .      Spirit   .   a - +1 robe
rPois   +          Reflect  +   (helmet restricted)
rElec   .          Harm     .   (no cloak)
rCorr   .          Rampage  .   (gloves unavailable)
Will    .....                   (boots unavailable)
Stlth   +.........              s - amulet of reflection
HPRegen 0.20/turn               k - ring of poison resistance
MPRegen 0.17/turn               (no ring)

@: gold aura, heavily drained
A: large, unfitting armour, tough skin 1
a: Renounce Religion, Potion Petition, Call Merchant, Bribe Branch


You were on level 6 of the Dungeon.
You worshipped Gozag.
Gozag was aware of your devotion.
You visited 2 branches of the dungeon, and saw 7 of its levels.
You also visited: Sewer.

You collected 566 gold pieces.
You spent 20 gold pieces at shops.
You paid 90 gold pieces to Gozag.

Inventory:

Hand Weapons
 i - a +1 dagger
Armour
 a - a +1 robe (worn)
Magical Staves
 j - a staff of earth (weapon)
Jewellery
 k - a ring of poison resistance (left hand)
 s - an amulet of reflection (around neck)
Scrolls
 b - 2 scrolls of fear
 e - a scroll of magic mapping
 f - 3 scrolls of amnesia
 m - a scroll of enchant armour
 n - 2 scrolls of enchant weapon
 o - 8 scrolls of teleportation
 p - a scroll of blinking
 q - 2 scrolls of identify
Potions
 c - a potion of invisibility
 d - a potion of brilliance
 g - 5 potions of heal wounds
 h - 7 potions of haste
 l - 2 potions of mutation
 r - a potion of curing


   Skills:
 - Level 1.7 Dodging
 - Level 1.4 Stealth
 + Level 7.4 Spellcasting
 + Level 5.9 Conjurations
 * Level 8.9 Air Magic


You had 12 spell levels left.
You knew the following spells:

 Your Spells              Type           Power      Damage    Failure   Level
a - Shock                 Conj/Air       100%       1d9       1%          1
b - Static Discharge      Conj/Air       37%        N/A       1%          2
c - Swiftness             Air            43%        N/A       1%          3
d - Airstrike             Air            21%        N/A       2%          4

Your spell library contained the following spells:

 Spells                   Type           Power      Damage    Failure   Level
 Animate Skeleton         Necr           14%        N/A       9%          1
 Apportation              Tloc           14%        N/A       9%          1
 Summon Small Mammal      Summ           28%        N/A       9%          1


Dungeon Overview and Level Annotations

Branches:
Dungeon (6/15)             Temple (1/1) D:5           Sewer (visited)

Altars:
Ashenzari
Cheibriados
Dithmenos
Elyvilon
Fedhas
Gozag
Nemelex Xobeh
Okawaru
Qazlal
Ru
Uskayaw
Wu Jian
Xom
Yredelemnul
Zin
The Shining One

Shops:
D:2 ?

Annotations:
D:6 Duvessa, Edmund


Innate Abilities, Weirdness & Mutations

You are too large for most types of armour.
You have tough skin. (AC +1)


Message History

Dowan is struck by an arc of lightning.
Dowan is almost dead.
Duvessa is struck by an arc of lightning.
Duvessa is heavily wounded.
The lightning grounds out.
Duvessa is struck by an arc of lightning.
Duvessa is severely wounded.
The lightning grounds out.
Duvessa hits you with a +2 short sword of draining!
You feel drained.
Dowan says, "Stay away from my face!"
Dowan points at you and mumbles some strange words.
The puff of flame hits you.
Duvessa hits you with a +2 short sword of draining.
You feel drained. Dowan hits you with a +0 dagger. Duvessa closely misses you.
Casting: Static Discharge (safe; 1% risk of failure)
Confirm with . or Enter, or press ? or * to list all spells.
Dowan is struck by an arc of lightning!
You kill Dowan!
Duvessa screams, "No!
How DARE you!"
Duvessa goes berserk!
You are struck by an arc of lightning.
Duvessa is struck by an arc of lightning.
Duvessa is severely wounded.
The lightning grounds out.
Duvessa is struck by an arc of lightning!
Duvessa is almost dead.
You are struck by an arc of lightning.
Duvessa is struck by an arc of lightning.
Duvessa is almost dead.
The lightning grounds out.
Duvessa hits you with a +2 short sword of draining!
* * * LOW HITPOINT WARNING * * *
You feel drained.
Duvessa hits you with a +2 short sword of draining.
* * * LOW HITPOINT WARNING * * *
You feel drained.
* * * LOW HITPOINT WARNING * * *
Duvessa hits you with a +2 short sword of draining!
You die...
Your body crumbles into a pile of gold.

#....................#
#....................#
#....................#
##'####...#..........#
#.####...#..........#
#[#......########...###
##.#.##...#####.........
........................
.......#.######.@e...?..
...........# #..$......
...........# #.........
#.....#....####.........
......+..(....+.........
##....#....####.........
.#.#(.#....# #.........
##...#.....# #.....?...
....##...[.#


You could see Duvessa (berserk, fast).

Vanquished Creatures
  Pikel (D:4)
  Prince Ribbit (D:6)
  A water moccasin (D:6)
  2 ice beasts (D:6)
  A sky beast (D:6)
  2 ogres
  A black bear (D:5)
  2 centaurs
  2 phantoms
  A lemure (D:4)
  2 kobold brigands
  A bullfrog (D:6)
  A necrophage (D:3)
  3 scorpions (D:6)
  Dowan (D:6)
  3 jellies
  5 hounds
  An orc priest (D:2)
  6 iguanas
  4 gnolls
  A river rat (D:3)
  7 adders
  A shadow imp (D:5)
  2 ufetubi
  3 worms
  2 dart slugs (D:5)
  12 orcs
  13 ball pythons
  7 bats
  14 endoplasms
  7 giant cockroaches
  3 hobgoblins
  5 jackals
  14 kobolds
  5 quokkas
  3 frilled lizards
  12 goblins
  15 rats
  A butterfly (D:5)
168 creatures vanquished.

Notes
Turn   | Place    | Note
-------+----------+-------------------------------------------
     0 | D:1      | kae the Ogre Air Elementalist began the quest for the Orb.
     0 | D:1      | Reached XP level 1. HP: 16/16 MP: 3/3
    82 | D:1      | Reached skill level 1 in Conjurations
   276 | D:1      | Reached skill level 3 in Air Magic
   276 | D:1      | Reached XP level 2. HP: 24/24 MP: 2/5
   458 | D:1      | Reached XP level 3. HP: 25/31 MP: 1/7
  1252 | D:2      | Reached XP level 4. HP: 6/39 MP: 0/8
  1686 | D:2      | Found Xiphot's Magic Scroll Emporium.
  1692 | D:2      | Bought a scroll of identify for 20 gold pieces
  1760 | D:2      | Learned a level 2 spell: Static Discharge
  1764 | D:2      | Learned a level 3 spell: Swiftness
  2372 | D:3      | Reached skill level 4 in Air Magic
  2470 | D:3      | Reached XP level 5. HP: 45/45 MP: 6/10
  2662 | D:3      | Found a glowing drain.
  2698 | Sewer    | Entered a sewer
  2840 | Sewer    | Learned a level 4 spell: Airstrike
  3419 | Sewer    | Found a viscous altar of Jiyva.
  3440 | Sewer    | Reached XP level 6. HP: 53/53 MP: 5/11
  3724 | D:3      | You fall into a shaft and drop 2 floors!
  3724 | D:5      | Entered Level 5 of the Dungeon
  4102 | D:4      | Found a blossoming altar of Fedhas.
  4414 | D:3      | Reached skill level 5 in Air Magic
  5648 | D:4      | Reached XP level 7. HP: 51/59 MP: 2/13
  5919 | D:4      | Noticed Pikel
  6151 | D:4      | Found a sparkling altar of Nemelex Xobeh.
  6222 | D:4      | Killed Pikel
  6223 | D:4      | Reached skill level 5 in Spellcasting
  6223 | D:4      | Reached skill level 6 in Air Magic
  6223 | D:4      | Reached XP level 8. HP: 50/67 MP: 3/16
  6783 | D:5      | Reached skill level 7 in Air Magic
  7568 | D:5      | Found a staircase to the Ecumenical Temple.
  7619 | Temple   | Entered the Ecumenical Temple
  7639 | Temple   | Became a worshipper of Gozag Ym Sagoz the Greedy
  7667 | D:5      | Found a shimmering altar of Xom.
  8072 | D:6      | Noticed Prince Ribbit
  8081 | D:6      | Killed Prince Ribbit
  8082 | D:6      | Reached skill level 5 in Conjurations
  8082 | D:6      | Reached XP level 9. HP: 40/74 MP: 3/18
  8296 | D:6      | Reached skill level 8 in Air Magic
  8656 | D:6      | Noticed Edmund
  8899 | D:6      | Found a glowing silver altar of Zin.
  8899 | D:6      | Noticed an angel
  9803 | D:6      | Noticed Dowan
  9803 | D:6      | Noticed Duvessa
  9812 | D:6      | Killed Dowan
  9813 | D:6      | Slain by Duvessa

Illustrated notes

Levels and vault maps discovered:
D:1:      minmay_arrival_four_houses, layout_rooms
D:2:      layout_basic, serial_shops, shop, cheibrodos_gnoll_hut
D:3:      layout_basic, portal_sewer_entry_e, minmay_tree_intersection
D:4:      layout_basic, nemelex_dance_club_becter,
          mainiacjoe_overflow_small_starburst, uniq_pikel
D:5:      layout_basic, xom_butterflies, temple_green,
          minmay_misc_feat_more_columns
D:6:      layout_basic, zin_angel, chequers_serial_rivers_micro_b,
          minmay_misc_feat_five, minmay_fractal_squares_5, uniq_prince_ribbit1,
          uniq_edmund, uniq_duvessa
Temple:   nicolae_temple_no_exploring_needed

Skill      XL: |  1  2  3  4  5  6  7  8  9 |
---------------+----------------------------+-----
Conjurations   | 1 2 3 4 5 |  5.9
Air Magic      | 3 4 5 6 7 8 |  8.9
Spellcasting   | 3 4 5 6 7 |  7.4
Dodging        | |  1.7
Stealth        | |  1.4

Action                   |  1- 3 |  4- 6 |  7- 9 || total
-------------------------+-------+-------+-------++-------
Melee: Unarmed           |    25 |       |       ||    25
       Staff             |    15 |    23 |    30 ||    68
       Punch             |       |       |     1 ||     1
 Cast: Shock             |    63 |   156 |   125 ||   344
       Static Discharge  |       |    19 |    51 ||    70
       Swiftness         |       |       |     2 ||     2
       Airstrike         |       |       |     8 ||     8
  Use: Scroll            |     5 |     9 |     1 ||    15
       Potion            |     2 |       |     3 ||     5
Armor: Robe              |    27 |    34 |    30 ||    91
Dodge: Dodged            |    35 |    40 |    46 ||   121
Block: Other             |       |     3 |    28 ||    31
       Reflection        |       |       |     1 ||     1

Table legend: (Time is in decaauts)
 A = Elapsed time spent in this place.
 B = Non-inter-level travel time spent in this place.
 C = Inter-level travel time spent in this place.
 D = Time resting spent in this place.
 E = Time spent auto-exploring this place.
 F = Levels seen in this place.
 G = Mean time per level.
                   A        B        C        D        E       F      G
               +--------+--------+--------+--------+--------+-----+--------+
         Total |   9852 |   9542 |    310 |    967 |   7297 |   8 | 1231.5 |
       Dungeon |   8937 |   8635 |    302 |    863 |   6653 |   6 | 1489.5 |
        Temple |     30 |     23 |      7 |      0 |     13 |   1 |   30.0 |
         Sewer |    884 |    884 |      0 |    104 |    630 |   1 |  884.0 |
               +--------+--------+--------+--------+--------+-----+--------+

Top non-repeatable levels by time:
     D:3: 1788 daAuts
     D:4: 1672 daAuts
     D:5: 1672 daAuts
     D:6: 1497 daAuts
     D:1: 1169 daAuts
     D:2: 1137 daAuts
   Sewer: 884 daAuts
  Temple: 30 daAuts
